 Dungeon Crawl Stone Soup version 0.28-a0-265-g048bc9fd10 (webtiles) character file.

Game seed: 17885176247897185241

112 Shayle the Ducker (level 5, 0/40 HPs)
             Began as a Djinni Warper on Aug 27, 2021.
             Slain by an orc wizard (2 damage)
             ... on level 3 of the Dungeon.
             The game lasted 00:14:05 (4329 turns).

Shayle the Ducker (Djinni Warper)                   Turns: 4329, Time: 00:14:05

Health: 0/40       AC:  4    Str: 10    XL:     5   Next: 16%
Gold:   122        EV: 12    Int: 16    God:
                   SH:  0    Dex: 12

rFire   + + .      SeeInvis .   c - +0 short sword
rCold   x . .      Faith    .   (no shield)
rNeg    . . .      Spirit   .   a - +0 leather armour
rPois   ∞          Reflect  .   j - +0 helmet
rElec   .          Harm     .   (no cloak)
rCorr   .          Rampage  .   (no gloves)
Will    .....                   (boots unavailable)
Stlth   +.........              (no amulet)
HPRegen 0.13/turn               (no ring)
MPRegen 0.00/turn               (no ring)

@: mighty, flying
A: sickness immunity, fire resistance 2, cold vulnerability 1, float, innate
caster, hp casting, extra vitality 1
a: no special abilities


You were on level 3 of the Dungeon.
You visited 1 branch of the dungeon, and saw 3 of its levels.

You collected 122 gold pieces.

Inventory:

Hand Weapons
 c - a +0 short sword (weapon)
Missiles
 g - 6 datura-tipped darts (quivered)
Armour
 a - a +0 leather armour (worn)
 j - a +0 helmet (worn)
Jewellery
 f - an amulet of reflection
Scrolls
 d - a scroll of fog
 e - a scroll of immolation {unknown}
 i - a scroll of identify
 l - a scroll of magic mapping {unknown}
Potions
 b - a potion of might
 h - 2 potions of curing {unknown}
 k - a potion of lignification {unknown}


   Skills:
 + Level 3.0 Fighting
 - Level 0.7 Throwing
 - Level 1.0 Armour
 + Level 3.2 Dodging
 + Level 2.9 Unarmed Combat
 + Level 2.9 Spellcasting


You couldn't memorise any spells.
You knew the following spells:

 Your Spells              Type           Power      Damage    Failure   Level
a - Blink                 Tloc           N/A        N/A       12%         2
b - Lesser Beckoning      Tloc           5%         N/A       22%         3
c - Gell's Gravitas       Tloc           5%         N/A       22%         3
d - Teleport Other        Tloc           11%        N/A       22%         3
e - Manifold Assault      Tloc           11%        N/A       91%         5
f - Animate Skeleton      Necr           22%        N/A       8%          1
g - Passwall              Tmut/Erth      9%         N/A       12%         2
Your spell library was empty.

Dungeon Overview and Level Annotations

Branches:
Dungeon (3/15)

Altars:
Ashenzari
Uskayaw
Vehumet

Annotations:
D:3 1 runed translucent door, Dittersdorf's ghost, amateur GrFi


Innate Abilities, Weirdness & Mutations

You are immune to sickness and miasma.
You are immune to poison.
Your flesh is very heat resistant. (rF++)
You are vulnerable to cold. (rC-)
You float through the air rather than walking.
You learn spells naturally, not from books.
Your magical power is your life essence.
You have superior vitality. (+4 HP)


Message History

The jackal bites you but does no damage.
The orc hits you with a +0 short sword.
You hit the jackal. You punch the jackal, but do no damage.
The jackal is almost dead.
The jackal barely misses you. The orc misses you. The jackal misses you.
You closely miss the jackal.
The jackal is almost dead.
The jackal bites you. The orc hits you with a +0 short sword.
You hit the jackal.
You kill the jackal!
The orc barely misses you.
You hit the orc.
The orc is heavily wounded.
The orc hits you with a +0 short sword.
You completely miss the orc.
The orc is heavily wounded.
The orc closely misses you.
You completely miss the orc.
The orc is heavily wounded.
The orc hits you with a +0 short sword.
Your leather armour prevents you from hitting the orc.
The orc is heavily wounded.
The orc closely misses you.
You hit the orc.
The orc is severely wounded.
The orc closely misses you. The orc hits you with a +0 short sword.
* * * LOW HITPOINT WARNING * * *
You hit the orc.
You kill the orc!
You barely miss something. Something hits you but does no damage.
You feel very mighty all of a sudden. Something hits you but does no damage.
You miss something.
You hear some strange, mumbled words.
A magic dart appears from out of thin air!
The magic dart hits you!
* * * LOW HITPOINT WARNING * * *
Something hits you but does no damage.
You miss something. Something hits you.
You die...

...≈≈≈≈§..# #.#.# #......#
.§.≈≈§≈≈(.# #.#.# #.######
.§§≈§.§§..# #.#.####.#
...≈≈§§§..# #......#.#
...§≈.≈≈.. ###.##.#.# .>.≈...≈.#
#.##.#.###### .#.≈.8.≈.#
#.##.#.##....
.......§.###########.##†#.##....
.......'.....o{@<....##†#.##....
.......################.#.......
.<..... #...............####....
#.......##.############### #####
#........#.######
#....###.#.##...# ##### #....#
#.#.##...# #.... #....#
#.#.##...## #.... #....#
#>#......^# #....


You could see an orc.

Vanquished Creatures
  Jessica (D:2)
  An adder (D:2)
  An ufetubus (D:2)
  A worm (D:3)
  An orc (D:3)
  5 endoplasms
  4 giant cockroaches
  6 goblins
  3 hobgoblins
  10 jackals
  4 kobolds
  2 quokkas
  8 ball pythons
  6 bats
  4 frilled lizards
  6 rats
63 creatures vanquished.

Notes
Turn   | Place    | Note
-------+----------+-------------------------------------------
     0 | D:1      | Shayle the Djinni Warper began the quest for the Orb.
     0 | D:1      | Reached XP level 1. HP: 18/18 MP: 0/0
   501 | D:2      | Reached XP level 2. HP: 21/23 MP: 0/0
  1115 | D:2      | Reached XP level 3. HP: 10/29 MP: 0/0
  1115 | D:2      | Learned a level 1 spell: Animate Skeleton
  1806 | D:1      | Found a faded altar of an unknown god.
  2630 | D:2      | Reached XP level 4. HP: 32/34 MP: 0/0
  2804 | D:2      | Found a hide-covered altar of Uskayaw.
  2905 | D:2      | Noticed Jessica
  2919 | D:2      | Killed Jessica
  3733 | D:3      | Reached XP level 5. HP: 39/40 MP: 0/0
  3733 | D:3      | Learned a level 2 spell: Passwall
  3904 | D:3      | Found a runed translucent door.
  3904 | D:3      | Noticed Dittersdorf's ghost (amateur GrFi)
  4296 | D:3      | Found a broken altar of Ashenzari.
  4328 | D:3      | HP: 2/40 [something/magic dart (11)]
  4329 | D:3      | Slain by an orc wizard

Illustrated notes

Levels and vault maps discovered:
D:1:      dpeg_arrival_line_fractal, layout_basic,
          chequers_ecumenical_altar_simple, supply_closet_lemuel,
          chequers_hall_statues_y, minmay_misc_feat_rugged
D:2:      layout_basic, basic_altar, uniq_jessica
D:3:      layout_basic, mainiacjoe_overflow_catwalk,
          mainiacjoe_overflow_brackets, gammafunk_ghost_grave, feat_on_display

Skill      XL: |  1  2  3  4  5 |
---------------+----------------+-----
Dodging        | 3 |  3.2
Fighting       | 3 |  3.0
Throwing       | |  0.7
Armour         | |  1.0
Unarmed Combat | |  2.9
Spellcasting   | |  2.9

Action                   |  1- 3 |  4- 6 || total
-------------------------+-------+-------++-------
Melee: Unarmed           |    68 |       ||    68
       Punch             |     1 |     2 ||     3
       Short sword       |   106 |   113 ||   219
Throw: Boomerang         |     5 |       ||     5
       Dart              |     1 |       ||     1
  Use: Scroll            |     3 |       ||     3
       Potion            |       |     1 ||     1
Armor: Leather armour    |    48 |    39 ||    87
Dodge: Dodged            |   147 |    84 ||   231

Table legend: (Time is in decaauts)
 A = Elapsed time spent in this place.
 B = Non-inter-level travel time spent in this place.
 C = Inter-level travel time spent in this place.
 D = Time resting spent in this place.
 E = Time spent auto-exploring this place.
 F = Levels seen in this place.
 G = Mean time per level.
                   A        B        C        D        E       F      G
               +--------+--------+--------+--------+--------+-----+--------+
         Total |   4349 |   4247 |    102 |   1014 |   2494 |   3 | 1449.7 |
       Dungeon |   4349 |   4247 |    102 |   1014 |   2494 |   3 | 1449.7 |
               +--------+--------+--------+--------+--------+-----+--------+

Top non-repeatable levels by time:
     D:2: 1885 daAuts
     D:1: 1539 daAuts
     D:3: 924 daAuts
